Cogmind - Beta 14 @@@ ROGUE MODE // 2025.03.05 @ 14:38:50 Player: Zargoosa Result: Destroyed by H-55 Commando with Gauss Rifle Performance ------------- Evolutions (2) 1000 Regions Visited (3) 600 Robots Destroyed (35) 175 Value Destroyed (1136) 1136 Prototype IDs (3) 60 Alien Tech Used (0) 0 Bonus (0) 0 TOTAL SCORE: 2971 Bonus ------- None Cogmind --------- Core Integrity 0/550 Matter 45/300 Energy 95/100 System Corruption 4% Temperature Cool (16) Movement Core (400) Ox7 Location -8/Materials Parts ------- > --- POWER (1) -------- (None) > --- PROPULSION (3) --- (None) > --- UTILITY (3) ------ Large Storage Unit > --- WEAPON (4) ------- Mace > --- INVENTORY (15) --- Light Ion Engine Light Treads Light Treads Hover Unit Medium Storage Unit Plasma Cutter Peak State ------------ > --- POWER ------------ Light Nuclear Core > --- PROPULSION ------- Wheel Compact Wheel Compact Wheel > --- UTILITY ---------- Large Storage Unit Visual Processing Unit Light Armor Plating > --- WEAPON ----------- Heavy Assault Rifle Heavy Assault Rifle Heavy Assault Rifle Improved Assault Rifle > --- INVENTORY -------- Light Ion Engine Light Ion Engine Light Treads Light Treads Light Treads Hover Unit Medium Storage Unit Heavy Assault Rifle Mini Grenade Launcher Plasma Cutter Mace [Rating: 20] Favorites ----------- Power Improved Ion Engine Engine Improved Ion Engine Power Core Light Nuclear Core Propulsion Compact Wheel Treads Light Treads Wheel Compact Wheel Utility Visual Processing Unit Storage Large Storage Unit Processor Visual Processing Unit Protection Light Armor Plating Weapon Heavy Assault Rifle Energy Gun EM Pulse Gun Ballistic Gun Heavy Assault Rifle Ballistic Cannon Flak Cannon Launcher Mini Grenade Launcher Impact Weapon Mace Build | -11 -10 -9 -8 ------- Run | Yrd Mat Mat Mat Slots Evolved 4 | . . 2 2 Power . | . . . . Propulsion 1 | . . . 1 Utility 1 | . . . 1 Weapon 2 | . . 2 . Parts Attached 38 | 7 10 9 12 Power 5 | 1 1 2 1 Engine 3 | 1 . 1 1 Core 2 | . 1 1 . Reactor . | . . . . Propulsion 10 | 3 1 2 4 Treads 4 | 1 . . 3 Leg . | . . . . Wheel 6 | 2 1 2 1 Hover . | . . . . Flight . | . . . . Utility 6 | 1 3 . 2 Device . | . . . . Storage 3 | 1 2 . . Processor 1 | . 1 . . Hackware . | . . . . Protection 2 | . . . 2 Artifact . | . . . . Weapon 17 | 2 5 5 5 Energy Gun 5 | 2 3 . . Energy Cannon . | . . . . Ballistic Gun 9 | . 2 5 2 Ballistic Cannon 1 | . . . 1 Launcher 1 | . . . 1 Special Weapon . | . . . . Impact Weapon 1 | . . . 1 Slashing Weapon . | . . . . Piercing Weapon . | . . . . Special Melee Weapon . | . . . . Unidentified Prototypes 1 | . . 1 . Parts Lost 22 | . 2 3 17 Power 3 | . . 1 2 Propulsion 5 | . . . 5 Utility 3 | . . . 3 Weapon 11 | . 2 2 7 Highest Loss Streak 12 | . 2 2 12 To Critical Strikes . | . . . . Average Slot Usage (%) 94 | . 94 99 80 Engine 6 | . 5 7 5 Core 4 | . 8 3 . Treads 2 | . . . 15 Wheel 20 | . 28 22 6 Storage 11 | . 14 11 9 Processor 10 | . 9 11 9 Protection 1 | . . . 6 Energy Gun 3 | . 17 . . Ballistic Gun 33 | . 10 43 22 Peak Build Rating 20 | 6 14 19 20 Average Rating 15 | 4 10 18 15 On Entrance 9 | . 6 14 16 Naked Turns . | . . . . Heaviest Build 41 | 12 31 39 41 Greatest Support 60 | 32 32 32 60 Greatest Overweight (x) 6 | . . 1 6 Average Overweight (x) . | . . 1 . Largest Inventory Capacity 15 | 8 15 15 15 Average Capacity 14 | 6 12 15 15 Most Carried 15 | 4 15 15 13 Average Carried 11 | 2 9 14 9 Final Capacity 15 | 8 15 15 15 Final Carried 15 | 4 15 14 6 Class Distribution -------------------- 58% | Skirmisher 27% | Mutant 10% | Scavenger-Tank 3% | Scavenger-Skirmisher Dominant Class ---------------- Mutant | -10/Materials Skirmisher | -9/Materials Scavenger-Tank | -8/Materials Resources | -11 -10 -9 -8 ----------- Run | Yrd Mat Mat Mat Matter Collected 903 | 239 133 515 16 Remotely . | . . . . Salvage Created 1235 | . 182 690 363 Parts 87 | . 15 43 29 Haulers Intercepted . | . . . . Recyclers Shooed 3 | . . 2 1 Parts Field Recycled . | . . . . Retrieved Matter . | . . . . Parts Self-Destructed . | . . . . Prevented . | . . . . Kills | -11 -10 -9 -8 ------- Run | Yrd Mat Mat Mat Combat Hostiles Destroyed 28 | . 4 14 10 Guns 23 | . 4 14 5 Cannons 1 | . . . 1 AOE 4 | . . . 4 Classes Destroyed 10 | . 2 3 5 Worker 1 | . . 1 . Builder 1 | . . . 1 Recycler 1 | . . . 1 Operator 1 | . . 1 . Watcher 3 | . 1 2 . Swarmer 3 | . . . 3 Grunt 18 | . 4 11 3 Duelist 1 | . . . 1 Sentry 5 | . . 3 2 Hunter 1 | . . . 1 Best Kill Streak 6 | . 3 5 6 Combat Bots Only 5 | . 3 3 5 Max Kills in Single Turn 4 | . 2 2 4 Gunslinging 1 | . 1 1 . Exploded 3 | . . . 3 Melee . | . . . . Uniques/NPCs Destroyed . | . . . . Combat | -11 -10 -9 -8 -------- Run | Yrd Mat Mat Mat Hostile Shots Fired 301 | . 30 93 178 Missed 63 | . 2 22 39 Damage Taken 3282 | . 356 983 1943 Core 736 | . 64 107 565 Absorbed by Shields . | . . . . Core Remaining (%) 82 | 100 74 73 . Volleys Fired 66 | . 11 32 23 Largest 4 | . 2 4 4 Hottest 113 | . 90 92 113 Shots Fired 210 | . 21 125 64 Gun 198 | . 21 125 52 Cannon 10 | . . . 10 Launcher 2 | . . . 2 Special . | . . . . Kinetic 199 | . 12 125 62 Thermal 6 | . 6 . . Explosive 2 | . . . 2 Electromagnetic 3 | . 3 . . Robot Hit Streak 14 | . 6 13 14 Robot Miss Streak 6 | . 2 6 6 Penetration Max . | . . . . Secondary Targets 8 | . 1 6 1 Max Gunslinging Chain 1 | . 1 1 1 Shots Hit Robots 135 | . 14 77 44 Core Hits 71 | . 8 32 31 Critical Kills . | . . . . Critical Parts Destroyed . | . . . . Critical Strikes . | . . . . Melee Attacks 2 | . . . 2 Impact 2 | . . . 2 Slashing . | . . . . Piercing . | . . . . Sneak Attacks . | . . . . Combat Hostiles . | . . . . Follow-up Attacks . | . . . . Damage Inflicted 2505 | . 229 1243 1033 Guns 2023 | . 229 1222 572 Cannons 91 | . . . 91 Explosions 323 | . . . 323 Melee 47 | . . . 47 Ramming 21 | . . 21 . Kinetic 2050 | . 165 1222 663 Thermal 25 | . 25 . . Explosive 323 | . . . 323 Electromagnetic 39 | . 39 . . Impact 47 | . . . 47 Slashing . | . . . . Piercing . | . . . . Highest Corruption 6 | . . 6 . Average Corruption 5 | . . 5 . Corruption Purged . | . . . . Corruption Blocked . | . . . . Effects 17 | . . 17 . Message Errors 1 | . . 1 . Matter Fused 6 | . . 6 . Heat Flow Errors 3 | . . 3 . Energy Discharges 2 | . . 2 . Data Loss (minor) 2 | . . 2 . Data Loss (major) 1 | . . 1 . Misfires 1 | . . 1 . Weapon Failures 1 | . . 1 . Overload Shots . | . . . . Overflow Damage . | . . . . Projectiles . | . . . . Explosions . | . . . . Melee . | . . . . Knockbacks 2 | . . . 2 Impact . | . . . . Kinetic 2 | . . . 2 Secondary . | . . . . Self-Inflicted Damage 56 | . . 10 46 Shots 1 | . . . 1 Rammed 2 | . . 2 . Targets Rammed 2 | . . 2 . Kicked . | . . . . Crushed . | . . . . Highest Temperature 265 | . 122 265 114 Average Temperature 66 | . 46 78 46 Received Heat Transfer 1140 | . 195 423 522 Siege Activations . | . . . . Robots Corrupted . | . . . . Combat Hostiles . | . . . . Parts Fried . | . . . . Impact Corruptions . | . . . . Robots Melted . | . . . . Combat Hostiles . | . . . . Parts Melted . | . . . . Heat Transferred 74 | . 74 . . Parts Sabotaged . | . . . . Parts Stolen . | . . . . Parts Stripped . | . . . . Power Chain Reactions . | . . . . Alert | -11 -10 -9 -8 ------- Run | Yrd Mat Mat Mat Peak Influence 340 | . 107 340 323 Initial 143 | . . 44 143 Average 120 | . 41 138 185 Maximum Alert Level 1 | . . 1 1 Low Security (%) 77 | 100 100 70 71 Level 1 22 | . . 29 28 Level 2 . | . . . . Level 3 . | . . . . Level 4 . | . . . . Level 5 . | . . . . High Security . | . . . . Max Security . | . . . . Squads Dispatched 8 | . 2 4 2 Investigation 2 | . 1 1 . Extermination . | . . . . Reinforcement 6 | . 1 3 2 Assault . | . . . . Garrison . | . . . . Intercept . | . . . . Searches Triggered . | . . . . Construction Impeded 1 | . . . 1 Haulers Reinforced . | . . . . Active Scanning Responses . | . . . . Cargo Convoy Interrupts . | . . . . Stealth | -11 -10 -9 -8 --------- Run | Yrd Mat Mat Mat Distress Signals 3 | . . 3 . Communications Jammed . | . . . . Distress Signals . | . . . . Times Spotted 53 | . 5 23 25 Peak Tracking Total 14 | . 3 4 14 Tactical Retreats 2 | . . 1 1 Traps | -11 -10 -9 -8 ------- Run | Yrd Mat Mat Mat Traps Triggered 5 | . 1 4 . Indirectly . | . . . . Trap Hack Attempts . | . . . . Triggered . | . . . . Disarmed . | . . . . Reprogrammed . | . . . . Reused . | . . . . Traps Extracted . | . . . . Installed . | . . . . Triggered . | . . . . Machines | -11 -10 -9 -8 ---------- Run | Yrd Mat Mat Mat Machines Disabled . | . . . . Max in Single Turn . | . . . . Machines Repaired . | . . . . Machines Dismantled . | . . . . Machines Sabotaged . | . . . . Overloaded Fab Kills . | . . . . Hacking | -11 -10 -9 -8 --------- Run | Yrd Mat Mat Mat Machines Accessed 7 | . . 7 . Terminals 5 | . . 5 . Fabricators . | . . . . Repair Stations . | . . . . Recycling Units . | . . . . Scanalyzers 2 | . . 2 . Garrison Access . | . . . . Total Hacks 34 | . . 34 . Successful 23 | . . 23 . Failed 11 | . . 11 . Catastrophic 1 | . . 1 . Database Lockouts . | . . . . Manual 15 | . . 15 . Terminals 27 | . . 27 . Fabricators . | . . . . Repair Stations . | . . . . Recycling Units . | . . . . Scanalyzers 7 | . . 7 . Garrison Access . | . . . . Terminal Hacks 8 | . . 8 . Record 1 | . . 1 . Prototype ID Bank 2 | . . 2 . Emergency Access Points 2 | . . 2 . Scanalyzer Index 1 | . . 1 . Maintenance Status 1 | . . 1 . Zone Layout 1 | . . 1 . Fabricator Hacks . | . . . . Repair Station Hacks . | . . . . Recycling Unit Hacks . | . . . . Scanalyzer 7 | . . 7 . Insert Component 4 | . . 4 . Analyze 3 | . . 3 . Garrison Access Hacks . | . . . . Unauthorized Hacks 8 | . . 8 . Terminals 8 | . . 8 . Track 3 | . . 3 . Botnet 5 | . . 5 . Fabricators . | . . . . Repair Stations . | . . . . Recycling Units . | . . . . Scanalyzers . | . . . . Garrison Access . | . . . . Data Cores Recovered . | . . . . Used . | . . . . Hacking Detections 6 | . . 6 . Full Trace Events 3 | . . 3 . Feedback Events . | . . . . Feedback Blocked . | . . . . Robot Schematics Acquired . | . . . . Robots Built . | . . . . Authchips . | . . . . Time . | . . . . Total Robot Build Rating . | . . . . Part Schematics Acquired 2 | . . 2 . Parts Built . | . . . . Authchips . | . . . . Time . | . . . . Total Part Build Rating . | . . . . Parts Repaired . | . . . . Time . | . . . . Parts Recycled . | . . . . Recycled Matter . | . . . . Retrieved Matter . | . . . . Retrieved Components . | . . . . Parts Scanalyzed 2 | . . 2 . Part Schematics Acquired 2 | . . 2 . Parts Damaged . | . . . . Bothacking | -11 -10 -9 -8 ------------ Run | Yrd Mat Mat Mat Used RIF Installer . | . . . . Robots Hacked . | . . . . Non-combat . | . . . . Combat . | . . . . Robot Hacks Applied . | . . . . Relay Couplers Released . | . . . . Fabnet Peak Effective % . | . . . . Robots Rewired . | . . . . Allies Hacked . | . . . . Hacks Repelled . | . . . . Allies | -11 -10 -9 -8 -------- Run | Yrd Mat Mat Mat Total Allies . | . . . . Largest Group . | . . . . Highest-Rated Group . | . . . . Highest-Rated Ally . | . . . . Total Orders . | . . . . Ally Attacks . | . . . . Total Damage . | . . . . Kills . | . . . . Allies Corrupted . | . . . . Allies Melted . | . . . . Intel | -11 -10 -9 -8 ------- Run | Yrd Mat Mat Mat Robot Analysis Total . | . . . . Derelict Logs Recovered . | . . . . Drone Launches . | . . . . Drone Recoveries . | . . . . Exploration | -11 -10 -9 -8 ------------- Run | Yrd Mat Mat Mat Turns Passed 1239 | 74 227 728 210 Spaces Moved 823 | 61 161 522 79 Core 7 | 6 . . 1 Treads 56 | 3 . . 53 Legs . | . . . . Wheels 760 | 52 161 522 25 Hover . | . . . . Flight . | . . . . Fastest Speed 50 | 50 100 105 93 Average Speed 109 | 98 100 108 143 Slowest Speed 350 | 160 100 115 350 Overloaded Moves . | . . . . Propulsion Burnouts . | . . . . Robots Hopped . | . . . . Cave-ins Triggered . | . . . . Exploration Rate (%) 22 | 5 23 45 15 Regions Visited 3 Branch Regions . Pre-discovered Areas . | . . . . Known Exits Taken . | . . . . Unknown Exits Taken 3 | 1 1 1 . Scrap Searched . | . . . . Spaces Dug . | . . . . Terrain Destroyed 9 | . . . 9 Melee . | . . . . Projectile . | . . . . AOE 9 | . . . 9 Terrain Rammed . | . . . . Walls Destroyed . | . . . . Machines Disabled . | . . . . Actions | -11 -10 -9 -8 --------- Run | Yrd Mat Mat Mat Total 1006 | 71 203 608 124 Wait 40 | . 9 27 4 Move 820 | 60 160 521 79 Hop . | . . . . Pick Up 26 | 4 11 8 3 Fast Attach 8 | 6 1 . 1 Attach 17 | . 2 4 11 Detach . | . . . . Swap 13 | 1 7 5 . Drop 12 | . 2 9 1 Fire 66 | . 11 32 23 Melee 2 | . . . 2 Ram 2 | . . 2 . Kick . | . . . . Crush . | . . . . Escape Stasis . | . . . . Rewire . | . . . . Trap . | . . . . Miscellaneous . | . . . . Route ------- -11/Scrapyard -10/Materials -9/Materials (discovered 2 exits: [*Mat x2]) -8/Materials History --------- Turn | Location | Event 2 | -11/Scrapyard | Met Revision 17 25 | -11/Scrapyard | Discovered new exit (range 15) 75 | -11/Scrapyard | Entered Materials 294 | -10/Materials | Discovered new exit (range 8) 302 | -10/Materials | Entered another Materials area 302 | -9/Materials | Evolved 2 slots: Weapon x2 509 | -9/Materials | Discovered new exit (range 8) 603 | -9/Materials | Build established: Skirmisher 984 | -9/Materials | Discovered new exit (range 11) 1030 | -9/Materials | Entered another Materials area 1030 | -8/Materials | Evolved 2 slots: Propulsion x1, Utility x1 1102 | -8/Materials | Lost 5 parts (1p2n1u1w) 1233 | -8/Materials | Core integrity fell below 50% 1238 | -8/Materials | Core integrity fell below 20% 1240 | -8/Materials | Destroyed by H-55 Commando with Gauss Rifle Last Messages --------------- 01222_ R-06 Scavenger collects Particle Gun. 01224_ Flak Cannon destroyed. 01227_ Hvy. Assault Rifle destroyed. 01227_ K-01 Serf collects debris. 01227_ Slug penetrates Wall. 01228_ Penetrated by Slug. 01228_ Lgt. Treads destroyed. 01229_ K-01 Serf collects debris. 01230_ L-31 Rogue destroyed. 01230_ H-55 Commando destroyed. 01230_ S-10 Pest destroyed. 01230_ R-06 Scavenger destroyed. 01230_ Lgt. Treads destroyed. 01231_ Penetrated by Slug. 01231_ Mni. Grenade Launcher destroyed. 01232_ Acquired 16 matter. 01238_ R-06 Scavenger collects Com. Wheel. 01239_ Critical hit (Burn: +37). 01240_ Visual Processing Unit destroyed. 01240_ System corrupted by crushing effect (+4). Map ----- +----------------------------------------------------+ | ????????????????????????????????????# #????????? | | ????????????????????????????????????# #????????? | | ????????????????????????????????????# #????????? | | ????????????????????????????????????# #????????? | | ????????????????????????????????????# #????????? | | ????????????????????????????????????# #????????? | | ????????????????????????????????????#% #????????? | | ????????????????????????????????????+ +????????? | | ????????????????????????????????????# #????????? | | ????????????????????????????????????# #????????? | | ???????????????????????????????????## % ##???????? | | ?????????????????????####+########## #???????? | | ?????????????"######## #???????? | | ???????????? #???????? | | ???????????? ! #???????? | | ???????????? ! ### ##### #???????? | | ??????????? #?# #???## #########? | | ??????????? ^ #?#%#????# # # | | ???????????? ###+###### # = """# | | ????????????? # # + """# | | ?????????????""" # # """# | | ????????????""""" = # # = # | | ?????????""""" " % %= # #? """# | | ???????? % ""# #? """# | | ???????? *% = g """# #?? """# | | ??????????????# or%|@*% ""# #?? # | | ??????????????# ![*=b ! ""# #???###### | | ??????????????# =%%! # #????????? | | ??????????????#########h [ ######## #????????? | | ???????????????????#! a # ?????# #????????? | | ??????????????????#! g # T ???# #????????? | | ??????????????????#! kgg #??# #????????? | | ??????????????????#! ggg #? #??# ?????????? | | ??????????????????#! g #? !#??# ?????????? | | ??????????????????##! #? #??? ?????????? | | ???????????????????#### #??#####??? ?????????? | | ??????????????????????#a ???????????????????????? | | ??????????????????????# w???????????????????????? | | ??????????????????????# ???????????????????????? | | ??????????????????????# ???????????????????????? | | ??????????????????????# ???????????????????????? | | ??????????????????????# ???????????????????????? | | ??????????????????????? ???????????????????????? | | ??????????????????????? ???????????????????????? | | ?????????????????????????????????????????????????? | | ?????????????????????????????????????????????????? | | ?????????????????????????????????????????????????? | | ?????????????????????????????????????????????????? | | ?????????????????????????????????????????????????? | | ?????????????????????????????????????????????????? | +----------------------------------------------------+ Best States ------------- Heat Dissipation 31 Energy Generation 14 Energy Capacity 265 Matter Stores 300 Matter Capacity 300 Sight Range 18 Terrain Scan Density 10 Armor Coverage 150 Evasion (%) 41 Recoil Reduction 3 Item Schematics ----------------- Lgt. Armor Plating | -9/Materials | Scanalyzed Lgt. Nuclear Core | -9/Materials | Scanalyzed Robot Schematics ------------------ None Fabricated ------------ Nothing Alien Tech Used ----------------- None Achievements -------------- None Challenges ------------ None Game ------ Seed WardroneTachyonField Manual? 0 Play Time 00:18:59 Cumulative 20.8 hours Start 2025.02.27 @ 11:26:55 End 2025.03.05 @ 14:38:50 Sessions 2 Manual Loads 0 Difficulty Rogue Special Mode None Game No. 40 Rogue 40 Adventurer 0 Explorer 0 Win Type - Total 0 Types 0/0/0/0/0/0/0/0/0 Lore% 12 Gallery% 22 Achievement% 23 Wizard Run 0 Options --------- Layout 1 ASCII 0 Keyboard 0 Movement Arrows Keybinds 0 Fullscreen 1 Font 16/SmallcapsGlow Map View 55x38 Zoom Use 0% Tactical HUD 1 Map Filters NONE Filters NONE Steam 1 RUN: 0789919f-c319-4133-9aa4-ca53b587cf13